 Dungeon Crawl Stone Soup version 0.27.1-4-g1640c2035a (webtiles) character file.

Game seed: 8011077197149447936

1047 Crownlay the Fighter (level 8, -13/132 HPs)
             Began as an Ogre Berserker on Nov 5, 2021.
             Was a Priest of Trog.
             Mangled by an ogre (32 damage)
             ... on level 5 of the Dungeon.
             The game lasted 00:08:02 (5480 turns).

Crownlay the Fighter (Ogre Berserker)               Turns: 5480, Time: 00:08:03

Health: -13/132    AC:  7    Str: 24    XL:     8   Next: 25%
Magic:  8/8        EV: 10    Int:  8    God:    Trog [***...]
Gold:   286        SH:  0    Dex:  8    Spells: 7/7 levels left

rFire    . . .     SeeInvis .   j - +4 club
rCold    . . .     Faith    .   (no shield)
rNeg     . . .     Spirit   .   x - +0 steam dragon scales
rPois    .         Reflect  .   (helmet restricted)
rElec    .         Harm     .   u - +0 cloak
rCorr    +         Rampage  .   (gloves unavailable)
Will     ++...                  (boots unavailable)
Stlth    ..........             (no amulet)
HPRegen  1.32/turn              e - ring of resist corrosion
MPRegen  0.11/turn              (no ring)

@: berserking, strong-willed, regenerating, very quick
A: large, unfitting armour, tough skin 1
a: Renounce Religion, Berserk, Trog's Hand


You were on level 5 of the Dungeon.
You worshipped Trog.
Trog was most pleased with you.
You visited 1 branch of the dungeon, and saw 5 of its levels.
You also visited: Sewer.

You collected 286 gold pieces.

Inventory:

Hand Weapons
 a - a +0 mace
 j - a +4 club (weapon)
 y - a +0 giant club
Armour
 b - a +0 animal skin
 u - a +0 cloak (worn)
 x - +0 steam dragon scales (worn)
Jewellery
 e - a ring of resist corrosion (left hand)
 z - an amulet of the acrobat
Scrolls
 d - a scroll of enchant weapon
 i - 2 scrolls of magic mapping
 k - a scroll of amnesia
 l - 4 scrolls of teleportation
 p - a scroll of identify
 s - a scroll of fear {unknown}
 t - 2 scrolls of noise
 v - 2 scrolls of enchant armour
Potions
 c - a potion of berserk rage {unknown}
 f - a potion of curing {unknown}
 g - 2 potions of lignification
 h - a potion of heal wounds {unknown}
 m - a potion of flight {unknown}
 n - 6 potions of haste
 o - 2 potions of invisibility
 r - 2 potions of might
 w - 2 potions of attraction


   Skills:
 + Level 8.1 Fighting
 * Level 7.6 Maces & Flails
 - Level 2.6 Dodging


You had 7 spell levels left.
You didn't know any spells.
Your spell library was empty.

Dungeon Overview and Level Annotations

Branches:
Dungeon (5/15)              Sewer (visited)
 Temple: D:4-7

Altars:
Makhleb
Nemelex Xobeh
The Shining One

Shops:
D:4 [


Innate Abilities, Weirdness & Mutations

You are too large for most types of armour.
You have tough skin. (AC +1)


Message History

No target in view!
No target in view!
You feel sick.
You feel sick.
You feel sick.
q - a curare-tipped dart You feel sick.
You feel sick.
You feel sick.
You are no longer poisoned.
You see here a +0 giant club.
y - a +0 giant club An ogre comes into view.
It is wielding a +0 giant spiked club.
z - an amulet of the acrobat The ogre shouts!
You hear a shout! x3
You throw a curare-tipped dart.
The curare-tipped dart barely misses the ogre.
Your skin crawls.
You feel strong-willed.
You closely miss the ogre.
The ogre hits you with a +0 giant spiked club!
You hit the ogre.
The ogre is lightly wounded.
You hit the ogre.
The ogre is moderately wounded.
The ogre hits you with a +0 giant spiked club!!
You hit the ogre.
The ogre is heavily wounded.
The ogre hits you with a +0 giant spiked club!!
* * * LOW HITPOINT WARNING * * *
A red film seems to cover your vision as you go berserk!
You feel yourself moving faster!
You feel mighty!
The ogre hits you with a +0 giant spiked club!
* * * LOW HITPOINT WARNING * * *
You barely miss the ogre.
The ogre is heavily wounded.
You hit the ogre.
The ogre is heavily wounded.
The ogre hits you with a +0 giant spiked club!!
You die...

........(.
.....#.... ##.
.......... O..
#....#########..
+....# ........#
#....# ..(.....#
.....# ........##
................####
##^####........O@..#
.... #..####†...#.#
......#.. #......#
......#.# #...##..#
.._...^.#
#...###....
......#.#####...#
####
......#.........#
..... #..####.#.#
##^####.......#.#


You could see an ogre.

Vanquished Creatures
  2 wyverns
  A steam dragon (D:4)
  An ogre (D:5)
  2 kobold brigands (Sewer)
  A scorpion (D:4)
  A crimson imp (D:3)
  A jelly (D:5)
  Jessica (D:2)
  3 orc wizards (D:3)
  A hound zombie (D:3)
  A hound skeleton (D:4)
  3 adders
  A white imp (D:3)
  An adder skeleton (D:2)
  A worm (D:3)
  3 dart slugs
  9 orcs
  8 endoplasms
  6 giant cockroaches
  12 goblins
  10 hobgoblins
  A jackal (D:3)
  10 quokkas
  7 ball pythons
  4 bats
  6 frilled lizards
  2 goblin skeletons (D:3)
  A goblin zombie (D:3)
  2 hobgoblin zombies (D:3)
  21 kobolds
  A kobold skeleton (D:3)
  An orc skeleton (D:3)
  2 orc zombies (D:3)
  11 rats
138 creatures vanquished.

Vanquished Creatures (others)
  A fungus (Sewer)
  2 plants (Sewer)
3 creatures vanquished.

Grand Total: 141 creatures vanquished

Notes
Turn   | Place    | Note
-------+----------+-------------------------------------------
     0 | D:1      | Crownlay the Ogre Berserker began the quest for the Orb.
     0 | D:1      | Reached XP level 1. HP: 24/24 MP: 1/1
    68 | D:1      | Reached XP level 2. HP: 32/32 MP: 2/2
   552 | D:1      | Reached ** piety under Trog
   553 | D:1      | Reached XP level 3. HP: 29/40 MP: 3/3
  1281 | D:2      | Found a faded altar of an unknown god.
  1306 | D:2      | Noticed Jessica
  1310 | D:2      | Killed Jessica
  1311 | D:2      | Reached XP level 4. HP: 49/49 MP: 4/4
  1396 | D:2      | Reached skill level 5 in Fighting
  2229 | D:3      | Found a glowing golden altar of the Shining One.
  2275 | D:3      | Reached XP level 5. HP: 39/57 MP: 5/5
  2341 | D:3      | Found a glowing drain.
  2362 | Sewer    | Entered a sewer
  2547 | Sewer    | Noticed a kobold brigand
  2558 | Sewer    | Killed a kobold brigand
  2559 | Sewer    | Reached skill level 5 in Maces & Flails
  2719 | Sewer    | Reached *** piety under Trog
  2720 | Sewer    | Reached XP level 6. HP: 67/67 MP: 6/6
  2902 | Sewer    | Reached skill level 6 in Fighting
  3053 | D:3      | Found a sparkling altar of Nemelex Xobeh.
  3944 | D:3      | Reached XP level 7. HP: 68/76 MP: 7/7
  4573 | D:4      | Found Taf Diupn's Armour Emporium.
  4606 | D:4      | Noticed a wyvern
  4617 | D:4      | Killed a wyvern
  4618 | D:4      | Reached skill level 7 in Fighting
  4953 | D:4      | Noticed a steam dragon
  4970 | D:4      | Killed a steam dragon
  5135 | D:5      | Entered Level 5 of the Dungeon
  5265 | D:5      | Found a burning altar of Makhleb.
  5276 | D:5      | Noticed a wyvern
  5284 | D:5      | Reached XP level 8. HP: 74/88 MP: 8/8
  5290 | D:5      | Killed a wyvern
  5291 | D:5      | Reached skill level 8 in Fighting
  5480 | D:5      | Mangled by an ogre

Illustrated notes

Levels and vault maps discovered:
D:1:      heliophobic_arrival_ceremonial_halls, layout_basic
D:2:      layout_basic, hellmonk_ecumenical_altar_run_dry,
          hangedman_feature_mirror, guppyfry_early_orc_mine, uniq_jessica
D:3:      layout_basic, nicolae_tso_besieged_by_evil,
          lemuel_coloured_pillars_altar, gup_sewer_entry_pipe,
          minmay_divided_ellipse
D:4:      layout_rooms, serial_shops, shop, minmay_cut_off
D:5:      layout_basic, tgw_xom, lemuel_tele_altar, grunt_ministairs_13,
          minmay_bent, uniq_blork_the_orc

Skill      XL: |  1  2  3  4  5  6  7  8 |
---------------+-------------------------+-----
Maces & Flails | 3 4 5 7 |  7.6
Fighting       | 5 6 7 8 |  8.1
Dodging        | |  2.6

Action                   |  1- 3 |  4- 6 |  7- 9 || total
-------------------------+-------+-------+-------++-------
Melee: Mace              |    79 |     1 |       ||    80
       Club              |       |   294 |    84 ||   378
Throw: Dart              |       |     1 |     2 ||     3
Invok: Berserk           |     1 |     5 |     3 ||     9
       Trog's Hand       |       |     5 |     3 ||     8
  Use: Scroll            |       |     7 |     4 ||    11
Armor: Animal skin       |    25 |    77 |    13 ||   115
       Steam dragon scal |       |       |     6 ||     6
Dodge: Dodged            |    54 |   165 |    35 ||   254
